 Dungeon Crawl Stone Soup version 0.30-a0-219-gf2db51d15e (webtiles) character file.

Game seed: 10408461888489480825

317 Iusername the Covered (level 6, -2/56 HPs)
             Began as a Minotaur Fighter on Oct 7, 2022.
             Slain by Grinder (5 damage)
             ... while paralysed by Grinder
             ... on level 3 of the Dungeon.
             The game lasted 00:03:57 (2950 turns).

Iusername the Covered (Minotaur Fighter)            Turns: 2950, Time: 00:03:57

Health: -2/56      AC:  7    Str: 22    XL:     6   Next: 20%
Magic:  5/5        EV:  2    Int:  5    God:
Gold:   183        SH:  0    Dex: 10    Spells: 5/5 levels left

rFire   . . .      SeeInvis .    a - +0 trident
rCold   . . .      Faith    .    (no shield)
rNeg    . . .      Spirit   .    b - +0 scale mail
rPois   .          Reflect  .    (helmet restricted)
rElec   .          Harm     .    (no cloak)
rCorr   .          Rampage  .    (no gloves)
Will    .....                    (no boots)
Stlth   ..........               (no amulet)
HPRegen 0.29/turn                o - +4 ring of slaying
MPRegen 0.09/turn                (no ring)

@: paralysed
A: horns 2, retaliatory headbutt
a: no special abilities


You were on level 3 of the Dungeon.
You visited 1 branch of the dungeon, and saw 4 of its levels.

You collected 183 gold pieces.

Inventory:

Hand Weapons
 a - a +0 trident (weapon)
Missiles
 s - a throwing net (quivered)
Armour
 b - a +0 scale mail (worn)
Jewellery
 o - a +4 ring of slaying (left hand)
Scrolls
 c - a scroll of magic mapping {unknown}
 g - a scroll of torment {unknown}
 h - 2 scrolls of poison {unknown}
 j - a scroll of enchant weapon {unknown}
 l - a scroll of immolation {unknown}
 n - 2 scrolls of teleportation
 p - 2 scrolls of noise
 q - a scroll of vulnerability {unknown}
 t - 3 scrolls of fear {unknown}
Potions
 d - 3 potions of curing
 e - a potion of haste {unknown}
 f - 2 potions of degeneration {unknown}
 i - a potion of berserk rage {unknown}
 k - a potion of mutation {unknown}
 m - a potion of magic {unknown}
 r - a potion of flight {unknown}
 u - a potion of resistance {unknown}


   Skills:
 + Level 5.1 Fighting
 + Level 4.9 Polearms
 + Level 5.5 Armour
 + Level 0.7 Dodging
 + Level 0.1 Stealth
 + Level 4.3 Shields


You had 5 spell levels left.
You didn't know any spells.
Your spell library contained the following spells:

 Spells                   Type           Power      Damage    Failure   Level
 Kindle Blastsparks       Fire/Tloc/Air  0%         2d10      98%         3
 Fulminant Prism          Conj/Hex       0%         3d6       100%        4
 Iskenderun's Mystic Bla  Conj/Tloc      0%         2d3       100%        4
 Lee's Rapid Deconstruct  Erth           0%         3d5*      100%        5


Dungeon Overview and Level Annotations

Branches:
Dungeon (4/15)
 Temple: D:4-7

Altars:

Annotations:
D:3 Grinder


Innate Abilities, Weirdness & Mutations

You have a pair of horns on your head.
You reflexively headbutt those who attack you in melee.


Message History

The orc priest hits you with a +0 war axe.
Grinder hits you.
The orc priest hits you with a +0 war axe.
Grinder hits you but does no damage. The orc priest barely misses you.
Grinder hits you.
The orc priest hits you but does no damage.
You can move again.
You feel better. Grinder hits you.
You writhe in agony.
The orc priest calls down the wrath of Beogh upon you.
You barely resist. You hit Grinder but do no damage. You headbutt Grinder!
Grinder is heavily wounded.
Grinder gestures at you. Pain shoots through your body!
* * * LOW HITPOINT WARNING * * *
The orc priest hits you with a +0 war axe.
* * * LOW HITPOINT WARNING * * *
You hit Grinder.
Grinder is severely wounded.
Grinder gestures at you.
You barely resist. The orc priest completely misses you.
Unknown command.
You puncture Grinder!
Grinder is almost dead.
Grinder gestures at you.
You suddenly lose the ability to move!
The orc priest hits you but does no damage.
Grinder hits you but does no damage.
The orc priest hits you but does no damage.
Grinder says, "At least Makhleb appreciates what I'm doing."
Grinder gestures at you.
You shrug off the repeated paralysis!
The orc priest barely misses you.
Grinder says, "FISH!"
Grinder gestures at you. Pain shoots through your body!
* * * LOW HITPOINT WARNING * * *
The orc priest hits you with a +0 war axe.
* * * LOW HITPOINT WARNING * * *
Grinder hits you.
You die...

## .##### .....#
~.)..###############
##≈...........oo@5.# ##########
≈≈#....###########.# ##.........
≈≈##..#....)# #.# #..#####'##
≈#≈~[#.####.# #.# #.###......
≈≈≈#.#.####.######.# #.##.......
#≈##(............#.# #.)#.†.♣8..
≈≈#....####..###.#.# #..'..8♣♣♣.
#≈#..#.# #..# #.#.####.##..♣♣♣8^
#....#.####..###.........#...8♣..


You could see Grinder, an orc priest and an orc.

Vanquished Creatures
  Sigmund (D:3)
  Jessica (D:3)
  Terence (D:2)
  Robin (D:2)
  An adder (D:2)
  A dart slug (D:3)
  2 orcs (D:3)
  6 ball pythons
  8 endoplasms
  2 giant cockroaches (D:1)
  15 goblins
  9 hobgoblins
  8 kobolds
  2 quokkas
  5 bats
  2 frilled lizards
  4 rats
69 creatures vanquished.

Notes
Turn   | Place    | Note
-------+----------+-------------------------------------------
     0 | D:1      | Iusername the Minotaur Fighter began the quest for the Orb.
     0 | D:1      | Reached XP level 1. HP: 19/19 MP: 0/0
    58 | D:1      | Reached XP level 2. HP: 27/27 MP: 1/1
    62 | D:1      | Found a faded altar of an unknown god.
   451 | D:1      | Reached XP level 3. HP: 33/33 MP: 2/2
  1176 | D:2      | Noticed Robin
  1183 | D:2      | Killed Robin
  1186 | D:2      | Reached XP level 4. HP: 37/40 MP: 3/3
  1396 | D:2      | Noticed Terence
  1408 | D:2      | Killed Terence
  1944 | D:3      | Noticed Sigmund
  1957 | D:3      | Killed Sigmund
  1958 | D:3      | Reached skill level 5 in Fighting
  1958 | D:3      | Reached skill level 5 in Armour
  1958 | D:3      | Reached XP level 5. HP: 25/48 MP: 4/4
  1958 | D:3      | Reached XP level 6. HP: 29/56 MP: 5/5
  2739 | D:3      | Noticed Jessica
  2747 | D:3      | Killed Jessica
  2906 | D:4      | Noticed Grinder
  2912 | D:4      | Paralysed by Grinder for 2 turns
  2931 | D:4      | Paralysed by Grinder for 4 turns
  2938 | D:3      | Paralysed by Grinder for 5 turns
  2946 | D:3      | Paralysed by Grinder for 5 turns
  2949 | D:3      | HP: 2/56 [orc priest/+0 war axe (6)]
  2950 | D:3      | Slain by Grinder

Illustrated notes

Levels and vault maps discovered:
D:1:      ncdulo_wetmaze, layout_rooms, serial_bayou, serial_bayou_ford_a,
          serial_bayou_pond_a, serial_bayou_pond_e, serial_bayou_pond_b,
          dreamdust_ecumenical_altar_angels_and_demons, grunt_decor_junction
D:2:      layout_loops_cross, kennysheep_generic_room_2, uniq_terence,
          uniq_robin
D:3:      layout_loops_ring, kennysheep_another_room,
          amcnicky_mini_corridor_feature, minivault_4,
          chequers_serial_rivers_small_b, kennysheep_jessica_study,
          uniq_sigmund, uniq_jessica
D:4:      layout_rooms, nicolae_overflow_hidden_temple,
          minmay_temple_entry_proselytizer, uniq_grinder,
          uniq_crazy_yiuf_cottage

Skill      XL: |  1  2  3  4 |
---------------+-------------+-----
Armour         | 4 5 |  5.5
Shields        | 4 |  4.3
Fighting       | 4 5 |  5.1
Polearms       | 3 4 |  4.9
Dodging        | |  0.7
Stealth        | |  0.1

Action                   |  1- 3 |  4- 6 || total
-------------------------+-------+-------++-------
Melee: Trident           |    94 |    66 ||   160
       Headbutt          |     5 |    10 ||    15
       Punch             |       |     1 ||     1
  Use: Potion            |     1 |     1 ||     2
       Scroll            |       |     3 ||     3
Armor: Scale mail        |    32 |    19 ||    51
Dodge: Dodged            |    30 |    19 ||    49

Table legend: (Time is in decaauts)
 A = Elapsed time spent in this place.
 B = Non-inter-level travel time spent in this place.
 C = Inter-level travel time spent in this place.
 D = Time resting spent in this place.
 E = Time spent auto-exploring this place.
 F = Levels seen in this place.
 G = Mean time per level.
                   A        B        C        D        E       F      G
               +--------+--------+--------+--------+--------+-----+--------+
         Total |   2989 |   2933 |     56 |    866 |   1627 |   4 |  747.2 |
       Dungeon |   2989 |   2933 |     56 |    866 |   1627 |   4 |  747.2 |
               +--------+--------+--------+--------+--------+-----+--------+

Top non-repeatable levels by time:
     D:2: 1290 daAuts
     D:3: 989 daAuts
     D:1: 679 daAuts
     D:4: 29 daAuts
